 Dungeon Crawl Stone Soup version 0.29-a0-732-g3d7fbe0af2 (console) character file.

Game seed: 14079673921803753333

3616 jejorda2 the Basher (level 9, -1/73 HPs)
             Began as a Palentonga Berserker on June 29, 2022.
             Was an Elder of Trog.
             Slain by an ogre
             ... wielding a +0 glaive
              (6 damage)
             ... in a bailey.
             The game lasted 00:17:37 (6241 turns).

jejorda2 the Basher (Palentonga Berserker)          Turns: 6241, Time: 00:17:38

Health: -1/73      AC: 22    Str: 25    XL:     9   Next: 86%
Magic:  9/9        EV:  6    Int:  8    God:    Trog [****..]
Gold:   418        SH: 10    Dex: 11    Spells: 8/8 levels left

rFire   . . .      SeeInvis +   a - +8 whip "Loni" {elec, Dex+2}
rCold   . . .      Faith    .   u - +0 buckler
rNeg    . . .      Spirit   .   r - +0 chain mail
rPois   .          Reflect  +   l - +2 helmet
rElec   .          Harm     .   (no cloak)
rCorr   .          Rampage  .   z - +2 pair of gloves
Will    ++...                   (no barding)
Stlth   ..........              B - amulet of reflection
HPRegen 1.22/turn               (no ring)
MPRegen 0.11/turn               (no ring)

@: strong-willed, on berserk cooldown, regenerating, curled up
A: large, rugged brown scales 3, see invisible, deformed body, roll 1, armoured
tail, reflexive curl
a: Rolling Charge, Renounce Religion, Berserk, Trog's Hand, Brothers in Arms


You were in a bailey.
You worshipped Trog.
Trog was greatly pleased with you.
You visited 1 branch of the dungeon, and saw 8 of its levels.
You also visited: Bailey.

You collected 487 gold pieces.
You spent 69 gold pieces at shops.

Inventory:

Hand Weapons
 a - the +8 whip "Loni" (weapon) {elec, Dex+2}
   (You found it on level 2 of the Dungeon)

   It occasionally discharges a powerful burst of electricity upon striking a
   foe.
   Dex:       It affects your dexterity (+2).
 b - the +10 mace of Abuse {vorpal, Fly Str+4}
   (You found it on level 5 of the Dungeon)

   It inflicts extra damage upon your enemies.
   Str:       It affects your strength (+4).
   Fly:       It grants you flight.
Missiles
 d - 3 silver boomerangs
 f - 5 poisoned darts
 p - 71 stones
 q - 12 boomerangs
 C - a curare-tipped dart
Armour
 i - a +0 plate armour
 l - a +2 helmet (worn)
 r - a +0 chain mail (worn)
 u - a +0 buckler (worn)
 z - a +2 pair of gloves (worn)
Jewellery
 B - an amulet of reflection (around neck)
Wands
 s - a wand of flame (36)
 y - a wand of iceblast (11)
Scrolls
 e - 3 scrolls of teleportation
 j - a scroll of poison
 v - 3 scrolls of enchant armour
 w - a scroll of brand weapon
 A - a scroll of identify
 E - a scroll of magic mapping
Potions
 c - 5 potions of might
 g - a potion of cancellation
 h - 2 potions of curing
 k - a potion of resistance {unknown}
 m - 3 potions of heal wounds {unknown}
 n - 2 potions of haste
 o - a potion of brilliance {unknown}
 t - a potion of flight
 x - a potion of invisibility {unknown}
 D - a potion of attraction {unknown}


   Skills:
 - Level 6.0 Fighting
 - Level 3.6(6.7) Axes
 * Level 8.7(9.1) Maces & Flails
 - Level 6.0 Armour
 - Level 1.5 Dodging
 - Level 6.0 Shields


You had 8 spell levels left.
You didn't know any spells.
Your spell library was empty.

Dungeon Overview and Level Annotations

Branches:
Dungeon (8/15)             Temple (0/1) D:7          Bailey (1/1)
   Lair: D:8-11

Altars:
Dithmenos
Qazlal
Ru
Trog
Wu Jian

Shops:
D:5 *


Innate Abilities, Weirdness & Mutations

You are completely covered in rugged brown scales. (AC +3, +7% HP)
You have supernaturally acute eyesight. (SInv)
Armour fits poorly on your strangely shaped body.
You can roll at nearby foes to attack.
You have a long armoured tail.
You curl defensively after being hit. (AC +7*)


Message History

You are exhausted.
You feel yourself slow down.
The ogre hits you from afar with a +0 halberd!
You barely miss the ogre.
The ogre is severely wounded.
The ogre closely misses you. You block the ogre's attack.
You hit the ogre.
You kill the ogre!
Trog accepts your kill.
You hear a splash.
The ogre barely misses you. You block the ogre's attack.
Training target 6.0 for Armour reached!
Your Armour skill increases to level 6!
The ogre hits you from afar with a +0 glaive. x2
You fail to use your ability.
The ogre hits you from afar with a +0 halberd!
You block the ogre's attack. x2
Your skin crawls.
You feel strong-willed.
The ogre barely misses you. x2; The ogre hits you but does no damage.
You block the ogre's attack. x3
You fail to use your ability.
You block the ogre's attack.
The ogre hits you from afar with a +0 halberd!
The ogre hits you from afar with a +0 glaive.
You fail to use your ability.
The ogre hits you from afar with a +0 glaive.
You block the ogre's attack.
The ogre hits you from afar with a +0 glaive!
* * * LOW HITPOINT WARNING * * *
Unknown command.
It was a potion of cancellation.
Your magical effects are unravelling.
You feel magically purged.
You feel yourself speed up.
The ogre hits you from afar with a +0 glaive.
* * * LOW HITPOINT WARNING * * *
The ogre hits you from afar with a +0 halberd!
* * * LOW HITPOINT WARNING * * *
The ogre hits you from afar with a +0 glaive.
You die...

#..#######..#
#.........#
#.......#
#≈≈≈≈≈# #≈)≈≈≈#
###)≈≈≈≈###
##O........##
##.O.........##
#@.O.∩...∩....#
##...........##
##.........##
###.....###
#######


You could see 3 ogres.

Vanquished Creatures
  Eustachio (D:4)
  A wyvern (D:7)
  Menkaure (D:4)
  2 steam dragons
  2 water moccasins
  2 orc warriors (D:7)
  4 ice beasts
  2 sky beasts
  4 ogres
  2 phantoms (D:6)
  A kobold brigand (D:6)
  Blork the orc (D:4)
  2 necrophages
  2 bullfrogs
  4 scorpions
  A howler monkey (D:6)
  5 hounds
  4 jellies
  3 orc priests
  A gnoll shaman (D:7)
  5 iguanas
  Jessica (D:2)
  Terence (D:2)
  5 orc wizards
  3 gnolls (D:7)
  3 adders
  2 ufetubi
  3 worms
  A dart slug (D:4)
  25 orcs
  3 ball pythons (D:4)
  5 endoplasms
  3 giant cockroaches
  13 goblins
  10 hobgoblins
  12 kobolds
  2 quokkas
  4 bats
  3 frilled lizards
  4 rats
153 creatures vanquished.

Vanquished Creatures (others)
  33 plants
33 creatures vanquished.

Grand Total: 186 creatures vanquished

Notes
Turn   | Place    | Note
-------+----------+-------------------------------------------
     0 | D:1      | jejorda2 the Palentonga Berserker began the quest for the
                  | Orb.
     0 | D:1      | Reached XP level 1. HP: 19/19 MP: 1/1
   205 | D:1      | Reached XP level 2. HP: 25/25 MP: 2/2
   764 | D:2      | Reached XP level 3. HP: 22/31 MP: 3/3
   908 | D:2      | Identified the +8 whip "Loni" {elec, Dex+2}
  1050 | D:2      | Noticed Jessica
  1054 | D:2      | Killed Jessica
  1078 | D:2      | Reached skill level 1 in Maces & Flails
  1187 | D:2      | Noticed Terence
  1189 | D:2      | Killed Terence
  1190 | D:2      | Reached XP level 4. HP: 39/39 MP: 4/4
  1417 | D:3      | Reached ** piety under Trog
  1555 | D:3      | Found a bloodstained altar of Trog.
  1678 | D:3      | Found a stormy altar of Qazlal.
  2042 | D:4      | Noticed Eustachio
  2047 | D:4      | Killed Eustachio
  2048 | D:4      | Reached skill level 2 in Maces & Flails
  2048 | D:4      | Reached XP level 5. HP: 45/46 MP: 5/5
  2048 | D:4      | Reached XP level 6. HP: 51/52 MP: 6/6
  2163 | D:4      | Noticed Blork the orc
  2175 | D:4      | Killed Blork the orc
  2176 | D:4      | Reached skill level 3 in Maces & Flails
  2280 | D:4      | Noticed an ice beast
  2284 | D:4      | Killed an ice beast
  2326 | D:4      | Noticed Menkaure
  2331 | D:4      | Killed Menkaure
  2332 | D:4      | Reached skill level 5 in Fighting
  2332 | D:4      | Reached skill level 1 in Shields
  2332 | D:4      | Gained mutation: You curl defensively after being hit. (AC
                  | +7*) [Palentonga growth]
  2332 | D:4      | Reached XP level 7. HP: 59/59 MP: 7/7
  2439 | D:4      | Reached skill level 4 in Maces & Flails
  2907 | D:5      | Entered Level 5 of the Dungeon
  3142 | D:5      | Identified the +10 mace of Abuse {vorpal, Fly Str+4}
  3377 | D:5      | Reached XP level 8. HP: 57/67 MP: 8/8
  3534 | D:5      | Reached skill level 5 in Maces & Flails
  3680 | D:5      | Found an ornate altar of the Wu Jian Council.
  3771 | D:5      | Found Leext's Assorted Antiques.
  3775 | D:5      | Bought a coppery potion for 22 gold pieces
  3775 | D:5      | Bought a puce potion for 22 gold pieces
  3775 | D:5      | Bought a scroll labelled CANWIRHUVI for 25 gold pieces
  4057 | D:6      | Reached skill level 6 in Maces & Flails
  4402 | D:6      | Reached XP level 9. HP: 64/73 MP: 9/9
  4617 | D:6      | Reached *** piety under Trog
  4827 | D:6      | Reached skill level 5 in Shields
  4876 | D:6      | Reached skill level 5 in Armour
  5077 | D:7      | Reached skill level 7 in Maces & Flails
  5334 | D:7      | Found a sacrificial altar of Ru.
  5523 | D:7      | Reached skill level 8 in Maces & Flails
  5633 | D:7      | Found a shadowy altar of Dithmenos.
  5793 | D:7      | Found a staircase to the Ecumenical Temple.
  6120 | D:8      | Reached **** piety under Trog
  6146 | D:8      | Found a flagged portal.
  6204 | Bailey   | Entered a bailey
  6241 | Bailey   | Slain by an ogre

Illustrated notes

Levels and vault maps discovered:
D:1:      erik_arrival_triangle_huge, layout_basic, minmay_pentomino_t2
D:2:      layout_loops_ring, uniq_terence, uniq_jessica
D:3:      layout_basic, chequers_temple_overflow_statue_of_worship,
          serial_bayou, serial_bayou_pond_d, serial_bayou_ford_a,
          serial_bayou_lake_a, serial_bayou_pond_d, minivault_27
D:4:      layout_loops_ring, chequers_avenue, uniq_blork_the_orc, uniq_menkaure,
          uniq_eustachio
D:5:      layout_loops_ring, mainiacjoe_overflow_six_doors_small, serial_shops,
          nicolae_shop_window_shopping
D:6:      layout_gridville, roderic_lattice_a
D:7:      corexii_shack_village, layout_basic,
          mainiacjoe_overflow_catch_the_wave, minmay_temple_entry_trees
D:8:      layout_basic, nicolae_overflow_crystal_walls, tso_oasis_becter,
          david_lair_shrubbed, enter_bailey_4,
          nicolae_concentric_dashed_squares_wild, kennysheep_just_a_vault,
          uniq_maggie
Bailey:   bailey_polearm_enchanted_keep_hellmonk, bailey

Skill      XL: |  1  2  3  4  5  6  7  8  9 |
---------------+----------------------------+-----
Armour         | 2 3 4 6 |  6.0
Maces & Flails | 1 2 3 4 6 8 |  8.7
Fighting       | 4 5 6 |  6.0
Shields        | 1 2 4 6 |  6.0
Axes           | |  3.6
Dodging        | |  1.5

Action                   |  1- 3 |  4- 6 |  7- 9 || total
-------------------------+-------+-------+-------++-------
Melee: Hand axe          |    47 |       |       ||    47
       Tailslap          |     6 |     1 |    33 ||    40
       Punch             |     1 |     1 |       ||     2
       Whip              |    14 |    53 |   224 ||   291
       Mace              |       |       |     4 ||     4
Invok: Berserk           |     1 |       |     6 ||     7
       Trog's Hand       |       |       |     1 ||     1
 Abil: Rolling Charge    |    12 |    20 |    37 ||    69
  Use: Scroll            |       |    10 |     5 ||    15
       Potion            |       |       |     2 ||     2
Armor: Animal skin       |    12 |       |       ||    12
       Ring mail         |     8 |       |       ||     8
       Plate armour      |     1 |       |       ||     1
       Scale mail        |       |     3 |       ||     3
       Chain mail        |       |    10 |    73 ||    83
Dodge: Dodged            |    16 |     8 |    38 ||    62
Block: Buckler           |       |     2 |    68 ||    70

Table legend: (Time is in decaauts)
 A = Elapsed time spent in this place.
 B = Non-inter-level travel time spent in this place.
 C = Inter-level travel time spent in this place.
 D = Time resting spent in this place.
 E = Time spent auto-exploring this place.
 F = Levels seen in this place.
 G = Mean time per level.
                   A        B        C        D        E       F      G
               +--------+--------+--------+--------+--------+-----+--------+
         Total |   6314 |   6116 |    198 |    155 |   4987 |   9 |  701.6 |
       Dungeon |   6271 |   6073 |    198 |    155 |   4987 |   8 |  783.9 |
        Bailey |     42 |     42 |      0 |      0 |      0 |   1 |   42.0 |
               +--------+--------+--------+--------+--------+-----+--------+

Top non-repeatable levels by time:
     D:6: 1100 daAuts
     D:4: 1064 daAuts
     D:7: 1059 daAuts
     D:5: 832 daAuts
     D:2: 758 daAuts
     D:1: 680 daAuts
     D:3: 653 daAuts
     D:8: 121 daAuts
  Bailey: 42 daAuts
